 Dungeon Crawl Stone Soup version 0.30-a0-634-g8abc85282e (webtiles) character file.

Game seed: 9545993166761945846

506 Dirtsage the Changer (level 7, -6/51 HPs)
             Began as an Octopode Transmuter on Jan 14, 2023.
             Mangled by Pikel
             ... wielding a +1 whip of electrocution
              (9 damage)
             ... on level 4 of the Dungeon.
             The game lasted 00:07:28 (3318 turns).

Dirtsage the Changer (Octopode Transmuter)          Turns: 3318, Time: 00:07:28

Health: -6/51      AC:  7    Str:  9    XL:     7   Next: 18%
Magic:  6/10       EV: 10    Int: 17    God:
Gold:   819        SH:  0    Dex: 13    Spells: 3/10 levels left

rFire   x . .      SeeInvis .      - Unarmed
rCold   + + +      Faith    .    (shield currently unavailable)
rNeg    . . .      Spirit   .    (helmet currently unavailable)
rPois   +          Reflect  .    (no amulet)
rElec   .          Harm     .    W - ring of wizardry
rCorr   .          Rampage  .    (no ring)
Will    .....                    (no ring)
Stlth   +                        (no ring)
HPRegen 0.28/turn                (no ring)
MPRegen 0.12/turn                (no ring)
                                 (no ring)
                                 (no ring)

@: ice-form, wereblooded
A: freezing attack, boosted hp, almost no armour, amphibious, 8 rings, large,
(camouflage 1), (gelatinous body 1), (nimble swimmer 1), (tentacles)
a: End Transformation


You were on level 4 of the Dungeon.
You were a creature of crystalline ice.
You visited 1 branch of the dungeon, and saw 4 of its levels.

You collected 819 gold pieces.

Inventory:

Magical Staves
 m - a staff of death
Jewellery
 W - a ring of wizardry (left front paw)
Wands
 h - a wand of iceblast (3)
 D - a wand of digging (5)
Scrolls
 b - a scroll of fog
 e - a scroll of summoning
 f - a scroll of magic mapping {unknown}
 k - a scroll of amnesia {unknown}
 l - 3 scrolls of fear {unknown}
 t - 4 scrolls of teleportation
Potions
 a - 2 potions of lignification
 c - 3 potions of curing {unknown}
 d - a potion of might
 g - 4 potions of brilliance {unknown}
 i - a potion of flight {unknown}
 j - a potion of degeneration {unknown}


   Skills:
 - Level 1.0 Fighting
 - Level 2.0 Dodging
 - Level 3.0 Unarmed Combat
 - Level 2.0 Spellcasting
 * Level 5.5 Transmutations
 * Level 5.0 Ice Magic


You had 3 spell levels left.
You knew the following spells:

 Your Spells              Type           Power      Damage    Failure   Level
a - Beastly Appendage     Tmut           40%        N/A       1%          1
b - Wereblood             Tmut           20%        N/A       1%          2
c - Ice Form              Ice/Tmut       19%        N/A       9%          4

Your spell library contained the following spells:

 Spells                   Type           Power      Damage    Failure   Level
 Magic Dart               Conj           4%         1d3       8%          1
 Spider Form              Tmut/Pois      11%        N/A       8%          3
 Call Imp                 Summ           1%         N/A       12%         2
 Mephitic Cloud           Conj/Pois/Air  1%         N/A       22%         3


Dungeon Overview and Level Annotations

Branches:
Dungeon (4/15)
 Temple: D:4-7

Altars:
Nemelex Xobeh

Annotations:
D:3 1 runed translucent door, Crazy Yiuf
D:4 Pikel


Innate Abilities, Weirdness & Mutations

You are a creature of crystalline ice.
You have a powerful freezing melee attack.
Your maximum health is increased.
Your armour is entirely melded.
You are incapable of wielding weapons or throwing items.
You cannot wear most types of armour.
You are amphibious.
You can wear up to eight rings at the same time.
((Your skin changes colour to match your surroundings (Stealth+).))
((Your rubbery body absorbs attacks. (AC +1, EV +1)))
((You are camouflaged when in or above water. (Stealth+)))
((You have tentacles for arms and can constrict up to eight enemies at once.))


Message History

Pikel says, "You'll feel the lick of my whip!"
You hit Pikel. You freeze Pikel.
Pikel is lightly wounded.
You barely miss Pikel.
Pikel is lightly wounded.
Pikel says, "Hell isn't that bad."
Pikel barely misses you.
You completely miss Pikel.
Pikel is lightly wounded.
Pikel hits you with a +1 whip of electrocution!
You take 9 damage, and have 42/51 hp.
You hit Pikel but do no damage.
Pikel is lightly wounded.
Pikel barely misses you.
You hit Pikel. You freeze Pikel.
Pikel is lightly wounded.
Pikel completely misses you.
You punch Pikel! You freeze Pikel.
Pikel is heavily wounded.
Pikel says, "Asmodeus and me are pals.
He gave me this whip."
Pikel hits you with a +1 whip of electrocution.
You take 6 damage, and have 36/51 hp.
You barely miss Pikel.
Pikel is heavily wounded.
Pikel hits you with a +1 whip of electrocution.
You are electrocuted!
You take 14 damage, and have 22/51 hp.
MASSIVE DAMAGE!!
You barely miss Pikel.
Pikel is heavily wounded.
Pikel barely misses you.
You hit Pikel but do no damage.
Pikel is heavily wounded.
Pikel hits you with a +1 whip of electrocution.
You are electrocuted!
* * * LOW HITPOINT WARNING * * *
You take 20 damage, and have 2/51 hp.
MASSIVE DAMAGE!!
You closely miss Pikel.
Pikel is heavily wounded.
Pikel hits you with a +1 whip of electrocution!
You die...

##.#.#.#.#............
#.....................
#..#.#.#.#...)........
#.....................
##..#.#.#.#............
#......................
#.#.#.#.#............
#...................#
####Y##...........###
.....5K#########....##
.....55 ###### .......
....... ....... ......#
.....#


You could see Pikel and 3 lemures.

Vanquished Creatures
  Grinder (D:4)
  A scorpion (D:4)
  14 gnolls
  4 adders
  2 worms
  4 dart slugs
  2 orcs
  5 ball pythons
  8 endoplasms
  2 giant cockroaches
  5 goblins
  7 hobgoblins
  5 jackals
  4 kobolds
  3 quokkas
  9 bats
  3 frilled lizards
  12 rats
91 creatures vanquished.

Vanquished Creatures (others)
  2 fungi (D:3)
2 creatures vanquished.

Grand Total: 93 creatures vanquished

Notes
Turn   | Place    | Note
-------+----------+-------------------------------------------
     0 | D:1      | Dirtsage the Octopode Transmuter began the quest for the
                  | Orb.
     0 | D:1      | Reached XP level 1. HP: 13/13 MP: 3/3
   186 | D:1      | Reached skill level 1 in Ice Magic
   186 | D:1      | Reached XP level 2. HP: 18/18 MP: 5/5
   236 | D:1      | Learned a level 2 spell: Wereblood
   622 | D:2      | Reached XP level 3. HP: 21/23 MP: 4/6
  1038 | D:2      | Reached XP level 4. HP: 22/28 MP: 4/7
  1315 | D:3      | Identified a scroll of acquirement
  1315 | D:3      | Acquired 663 gold pieces
  1353 | D:3      | Learned a level 4 spell: Ice Form
  1409 | D:3      | Reached XP level 5. HP: 33/33 MP: 2/8
  1534 | D:3      | Found a sparkling altar of Nemelex Xobeh.
  1829 | D:3      | Found a faded altar of an unknown god.
  2397 | D:3      | Found a runed translucent door.
  2398 | D:3      | Noticed Crazy Yiuf
  2466 | D:4      | Reached XP level 6. HP: 38/38 MP: 3/9
  2791 | D:4      | Noticed Grinder
  2806 | D:4      | Killed Grinder
  2807 | D:4      | Reached skill level 5 in Transmutations
  2807 | D:4      | Reached XP level 7. HP: 18/43 MP: 5/10
  3097 | D:4      | Reached skill level 5 in Ice Magic
  3301 | D:4      | Noticed Pikel
  3317 | D:4      | HP: 2/51 [Pikel/+1 whip of electrocution (14)]
  3318 | D:4      | Mangled by Pikel

Illustrated notes

Levels and vault maps discovered:
D:1:      roderic_crossed_star, layout_rooms, minmay_tetromino_i2
D:2:      layout_rooms
D:3:      minmay_evil_eye, layout_basic, nemelex_xobeh_ov_fountains_minmay,
          ebering_ecumenical_altar_rust, nicolae_titane, uniq_crazy_yiuf_cottage
D:4:      layout_cave_pods, serial_glass, glass_columns_c, glass_columns_a,
          uniq_grinder, uniq_pikel

Skill      XL: |  1  2  3  4  5  6  7 |
---------------+----------------------+-----
Ice Magic      | 1 2 3 4 5 |  5.0
Transmutations | 3 4 5 |  5.5
Fighting       | |  1.0
Dodging        | |  2.0
Unarmed Combat | |  3.0
Spellcasting   | |  2.0

Action                   |  1- 3 |  4- 6 |  7- 9 || total
-------------------------+-------+-------+-------++-------
Melee: Unarmed           |    78 |   122 |    16 ||   216
       Constrict         |    20 |    25 |     1 ||    46
       Kick              |    12 |     9 |     1 ||    22
       Punch             |     2 |     2 |       ||     4
       Tentacles         |     9 |    19 |     1 ||    29
 Cast: Beastly Appendage |     9 |     5 |     1 ||    15
       Wereblood         |     4 |     5 |     1 ||    10
       Ice Form          |       |     7 |     1 ||     8
Evoke: Wand              |       |     2 |       ||     2
  Use: Scroll            |       |     5 |       ||     5
 Stab: Sleeping          |     5 |     3 |       ||     8
       Distracted        |       |     1 |       ||     1
Armor: Skin              |     5 |    14 |     2 ||    21
Dodge: Dodged            |    50 |    49 |     5 ||   104

Table legend: (Time is in decaauts)
 A = Elapsed time spent in this place.
 B = Non-inter-level travel time spent in this place.
 C = Inter-level travel time spent in this place.
 D = Time resting spent in this place.
 E = Time spent auto-exploring this place.
 F = Levels seen in this place.
 G = Mean time per level.
                   A        B        C        D        E       F      G
               +--------+--------+--------+--------+--------+-----+--------+
         Total |   3305 |   3249 |     56 |     90 |   2494 |   4 |  826.2 |
       Dungeon |   3305 |   3249 |     56 |     90 |   2494 |   4 |  826.2 |
               +--------+--------+--------+--------+--------+-----+--------+

Top non-repeatable levels by time:
     D:3: 1175 daAuts
     D:4: 892 daAuts
     D:2: 622 daAuts
     D:1: 616 daAuts
